 Dungeon Crawl Stone Soup version 0.27.1-15-g792fb953b9 (webtiles) character file.

Game seed: 13490751043484839975

61 adizb the Sneak (level 4, -7/30 HPs)
             Began as an Octopode Brigand on Nov 19, 2021.
             Killed from afar by Robin (8 damage)
             ... with a puff of flame
             ... on level 2 of the Dungeon.
             The game lasted 00:05:56 (1044 turns).

adizb the Sneak (Octopode Brigand)                  Turns: 1044, Time: 00:05:59

Health: -7/30      AC:  1    Str: 10    XL:     4   Next: 7%
Magic:  4/4        EV: 13    Int: 13    God:
Gold:   52         SH:  5    Dex: 14    Spells: 3/3 levels left

rFire    . . .     SeeInvis .   a - +2 dagger
rCold    . . .     Faith    .   (no shield)
rNeg     . . .     Spirit   .   (helmet restricted)
rPois    .         Reflect  +   f - amulet of reflection
rElec    .         Harm     .   (no ring)
rCorr    .         Rampage  .   (no ring)
Will     .....                  (no ring)
Stlth    ++++......             (no ring)
HPRegen  0.10/turn              (no ring)
MPRegen  0.09/turn              (no ring)
                                (no ring)
                                (no ring)

@: no status effects
A: almost no armour, amphibious, 8 rings, camouflage 1, gelatinous body 1,
(nimble swimmer 1), tentacles
a: no special abilities


You were on level 2 of the Dungeon.
You visited 1 branch of the dungeon, and saw 2 of its levels.

You collected 52 gold pieces.

Inventory:

Hand Weapons
 a - a +2 dagger (weapon)
Missiles
 c - a curare-tipped dart (quivered)
Jewellery
 f - an amulet of reflection (around mantle)
 h - an amulet of magic regeneration
Scrolls
 d - 2 scrolls of enchant armour {unknown}
 e - a scroll of teleportation {unknown}
 g - a scroll of blinking {unknown}
 j - a scroll of fog {unknown}
 k - a scroll of identify {unknown}
Potions
 i - a potion of curing {unknown}


   Skills:
 + Level 2.4 Fighting
 + Level 2.4 Short Blades
 + Level 2.4 Throwing
 + Level 1.7 Dodging
 + Level 5.7 Stealth
 + Level 1.2 Shields


You had 3 spell levels left.
You didn't know any spells.
Your spell library was empty.

Dungeon Overview and Level Annotations

Branches:
Dungeon (2/15)

Altars:

Annotations:
D:2 Robin


Innate Abilities, Weirdness & Mutations

You cannot wear most types of armour.
You are amphibious.
You can wear up to eight rings at the same time.
Your skin changes colour to match your surroundings (Stealth+).
Your rubbery body absorbs attacks. (AC +1, EV +1)
((You are camouflaged near water. (Stealth+)))
You have tentacles for arms and can constrict up to eight enemies at once.


Message History

Robin is lightly wounded.
Throw: 3 darts (poison)
Press: ? - help, Q - select action, (/) - cycle Shift-Dir - straight line, f/p - Robin
Aim: Robin, wielding a +0 spear, wearing a +1 animal skin, wearing a +0 helmet and carrying a wand of flame (25) (moderately wounded, poisoned, 68% to hit)
You throw a poisoned dart. The poisoned dart hits Robin.
Robin is moderately wounded.
Robin roars a battlecry!
Throw: 2 darts (poison)
Press: ? - help, Q - select action, (/) - cycle Shift-Dir - straight line, f/p - Robin
Aim: Robin, wielding a +0 spear, wearing a +1 animal skin, wearing a +0 helmet and carrying a wand of flame (25) (moderately wounded, poisoned, 68% to hit)
You throw a poisoned dart. The poisoned dart closely misses Robin.
Robin zaps a wand.
The puff of flame hits you.
Throw: dart (poison)
Press: ? - help, Q - select action, (/) - cycle Shift-Dir - straight line, f/p - Robin
Aim: Robin, wielding a +0 spear, wearing a +1 animal skin, wearing a +0 helmet and carrying a wand of flame (24) (moderately wounded, poisoned, 68% to hit)
You throw a poisoned dart. The poisoned dart hits Robin.
Robin looks even sicker.
Robin is moderately wounded.
The hobgoblin shouts!
A goblin comes into view. It is wielding a +0 dagger.
The goblin moves out of view.
Throw: 2 darts (curare)
Press: ? - help, Q - select action Shift-Dir - straight line, f/p - Robin
Aim: Robin, wielding a +0 spear, wearing a +1 animal skin, wearing a +0 helmet and carrying a wand of flame (24) (heavily wounded, poisoned, 68% to hit)
You throw a curare-tipped dart.
The curare-tipped dart barely misses Robin.
Robin zaps a wand.
The puff of flame hits you!
* * * LOW HITPOINT WARNING * * *
The goblin shouts!
You block Robin's attack.
Robin roars a battlecry!
The goblin goes into a battle-frenzy!
You hear a shout!
You hit Robin but do no damage. You grab Robin. You squeeze Robin.
Robin is severely wounded.
You constrict Robin, but do no damage.
The goblin hits you with a +2 dagger of protection.
* * * LOW HITPOINT WARNING * * *
Robin zaps a wand.
The puff of flame hits you!
You die...

#......#.#......>..#
#.#.##.#.#.......#######
#.#......#.#...........#
#.#....................#
#.#............##......#
#.....^.)............).##
###........#.#.##...))..#
##..#..#.g#g#.##.#+###.#
#.........@)gg.#.# .#
####........g.#..(((.....g
#.............#..#(#.#..ggg
#..##>#..........#.# # .##.
#..<..........g..#.#.# g#
.# #..##.#.......(.g.....
.. . #.....(........#.....
#.....#.#........#.#
#####..##.#.#.###......#


You could see Robin (poisoned), 2 hobgoblins and 4 goblins.

Vanquished Creatures
  Jessica (D:2)
  2 dart slugs (D:1)
  2 ball pythons
  An endoplasm (D:1)
  2 giant cockroaches
  8 goblins
  2 jackals (D:1)
  2 quokkas (D:1)
  2 bats (D:1)
  2 frilled lizards (D:2)
  A kobold (D:2)
  4 rats
29 creatures vanquished.

Notes
Turn   | Place    | Note
-------+----------+-------------------------------------------
     0 | D:1      | adizb the Octopode Brigand began the quest for the Orb.
     0 | D:1      | Reached XP level 1. HP: 14/14 MP: 1/1
    70 | D:1      | Reached XP level 2. HP: 18/19 MP: 2/2
   765 | D:2      | Found a faded altar of an unknown god.
   809 | D:2      | Noticed Jessica
   820 | D:2      | Reached XP level 3. HP: 24/24 MP: 3/3
   836 | D:2      | Killed Jessica
   837 | D:2      | Reached skill level 1 in Shields
  1000 | D:2      | Noticed Robin
  1005 | D:2      | Reached XP level 4. HP: 17/30 MP: 4/4
  1044 | D:2      | HP: 1/30 [goblin[Robin] (3)]
  1044 | D:2      | Killed from afar by Robin

Illustrated notes

Levels and vault maps discovered:
D:1:      erik_arrival_orb_chamber, layout_basic
D:2:      layout_basic, shapermc_ecumenical_altar_notcrosses, uniq_robin,
          uniq_jessica

Skill      XL: |  1  2  3 |
---------------+----------+-----
Shields        | 1 |  1.2
Fighting       | |  2.4
Short Blades   | |  2.4
Throwing       | |  2.4
Dodging        | |  1.7
Stealth        | |  5.7

Action                   |  1- 3 |  4- 6 || total
-------------------------+-------+-------++-------
Melee: Dagger            |    50 |     4 ||    54
       Constrict         |    10 |     3 ||    13
       Tentacles         |     5 |     3 ||     8
Throw: Dart              |    10 |     9 ||    19
 Stab: Sleeping          |     5 |       ||     5
Armor: Skin              |     4 |       ||     4
Dodge: Dodged            |    32 |       ||    32
Block: Other             |     2 |     2 ||     4
